 Dungeon Crawl Stone Soup version 0.25-a0-890-g62861fb195 (webtiles) character file.

Game seed: 12193560434770130370, levelgen mode: classic

42 EnegeticOcto the Shield-Bearer (level 3, -1/26 HPs)
             Began as an Octopode Fighter on May 2, 2020.
             Slain by an adder (2 damage)
             ... on level 2 of the Dungeon.
             The game lasted 00:00:37 (1149 turns).

EnegeticOcto the Shield-Bearer (Octopode Fighter)   Turns: 1149, Time: 00:00:37

Health: -1/26      AC:  1    Str: 15    XL:     3   Next: 54%
Magic:  3/3        EV: 11    Int: 10    God:
Gold:   71         SH:  8    Dex: 12    Spells: 2/2 levels left

rFire    . . .     SeeInvis .   a - +0 long sword
rCold    . . .     Gourm    +   b - +0 kite shield
rNeg     . . .     Faith    .   (helmet restricted)
rPois    .         Spirit   .   d - amulet of the gourmand
rElec    .         Reflect  .   f - ring of stealth
rCorr    .         Harm     .   (no ring)
MR       .....                  (no ring)
Stlth    +++.......             (no ring)
HPRegen  0.08/turn              (no ring)
MPRegen  0.08/turn              (no ring)
                                (no ring)
                                (no ring)

@: lethally poisoned (-1 -> -6)
A: almost no armour, stealthy swim, amphibious, 8 rings, constrict 8, camouflage
1, gelatinous body 1
a: no special abilities


You were on level 2 of the Dungeon.
You were very full.

You visited 1 branch of the dungeon, and saw 2 of its levels.

You collected 71 gold pieces.

Inventory:

Hand Weapons
 a - a +0 long sword (weapon)
Missiles
 j - 3 curare-tipped darts (quivered)
Armour
 b - a +0 kite shield (worn)
Jewellery
 d - an amulet of the gourmand (around mantle)
 f - a ring of stealth (left tentacle)
Scrolls
 c - 2 scrolls of magic mapping {unknown}
 g - a scroll of remove curse {unknown}
 h - a scroll of amnesia {unknown}
Potions
 i - a potion of berserk rage {unknown}
 k - a potion of might {@q3}
 l - a potion of curing {unknown}
Comestibles
 e - 3 rations


   Skills:
 + Level 3.3 Fighting
 * Level 3.1 Long Blades
 - Level 3.0 Dodging
 + Level 3.3 Shields


You had 2 spell levels left.
You didn't know any spells.
Your spell library was empty.

Dungeon Overview and Level Annotations

Branches:
Dungeon (2/15)

Altars:
The Shining One


Innate Abilities, Weirdness & Mutations

You cannot wear most types of armour.
You are very stealthy in the water. (Stealth+)
You are amphibious.
You can wear up to eight rings at the same time.
You can use your tentacles to constrict eight enemies at once.
Your skin changes colour to match your surroundings (Stealth+).
Your rubbery body absorbs attacks. (AC +1, EV +1)


Message History

No target in view!
No target in view!
An adder comes into view.
An adder is nearby!
An adder is nearby!
An adder is nearby!
An adder is nearby!
Found a stone staircase leading down.
A goblin comes into view.
The adder hisses angrily.
Found a glowing filigree amulet.
A rat comes into view.
You block the adder's attack.
You closely miss the adder. Your grab misses the adder. The adder bites you.
You block the adder's attack.
You closely miss the adder.
The goblin shouts!
Your grab misses the adder.
You hear an angry hiss.
The adder bites you.
You are poisoned.
The adder poisons you!
You hit the adder. You grab the adder.
The adder is moderately wounded.
You constrict the adder.
You feel sick. The adder closely misses you.
You riposte.
You hit the adder.
The adder is severely wounded.
The rat bites you. The adder bites you.
Your shield prevents you from hitting the adder.
You squeeze the adder.
The adder is almost dead.
You constrict the adder.
You kill the adder!
Your Long Blades skill increases to level 3!
You feel sick. The rat bites you. The rat closely misses you.
You are too injured to fight recklessly!
You are too injured to fight recklessly!
You are too injured to fight recklessly!
You are too injured to fight recklessly!
There are monsters nearby!
There are monsters nearby!
There are monsters nearby!
There are monsters nearby!
There are monsters nearby!
You slash the rat!
You kill the rat!
You feel sick. The goblin misses you. You block the goblin's attack.
You slash the goblin!
You kill the goblin!
You feel sick.
You feel sick.
You feel sick.
You feel sick.
You feel sick.
You are no longer poisoned.
A ball python comes into view.
A ball python is nearby!
You are too injured to fight recklessly!
You are too injured to fight recklessly!
You are too injured to fight recklessly!
You are too injured to fight recklessly!
You are too injured to fight recklessly!
You are too injured to fight recklessly!
You are too injured to fight recklessly!
The ball python is too close now for your liking.
A ball python is nearby!
A ball python is nearby!
You are too injured to fight recklessly!
You are too injured to fight recklessly!
You are too injured to fight recklessly!
You are too injured to fight recklessly!
You are too injured to fight recklessly!
You are too injured to fight recklessly!
An adder comes into view.
Found a robe.
The ball python hisses angrily.
The adder hisses angrily.
You block the ball python's attack. The ball python barely misses you.
The adder barely misses you.
Found a scroll labeled MOSAAZ YTERI.
You closely miss the adder. You grab the adder. You constrict the adder.
The ball python barely misses you.
You riposte.
You hit the ball python but do no damage.
You grab the ball python. You squeeze the ball python.
The ball python is heavily wounded.
You block the ball python's attack. You block the adder's attack.
The ball python closely misses you.
You riposte.
You hit the ball python.
You kill the ball python!
The adder bites you.
* * * LOW HITPOINT WARNING * * *
You release your grip on the adder.
The adder bites you.
* * * LOW HITPOINT WARNING * * *
You are lethally poisoned!
The adder poisons you!
Found a mace.
You see here a ball python corpse.
You hit the adder but do no damage. Your grab misses the adder.
The adder is lightly wounded.
* * * LOW HITPOINT WARNING * * *
You feel sick. You block the adder's attack. The adder bites you.
You die...

#..######.....#.###.
####..# #.........#
......### #......>..#
........# ##.#.######
...####.# #.......# ###
###.# ###.#...# #...#
####.....#.# #.#.#
##.....S....# #######.#
#..#.#@...### ....†...#
#.........# #########
#..#.#....#
.................[....
##########..............
....... #.............?
#######. ######.#...#.##
..##.# # #. .).#.#
.....#


You could see an adder.

Vanquished Creatures
  An adder (D:2)
  A leopard gecko (D:1)
  A ball python (D:2)
  A giant cockroach (D:1)
  9 goblins
  2 hobgoblins (D:1)
  4 bats
  5 kobolds (D:1)
  4 rats
28 creatures vanquished.

Notes
Turn   | Place    | Note
-------+----------+-------------------------------------------
     0 | D:1      | EnegeticOcto the Octopode Fighter began the quest for the
                  | Orb.
     0 | D:1      | Reached XP level 1. HP: 16/16 MP: 1/1
   162 | D:1      | Reached XP level 2. HP: 21/21 MP: 2/2
   870 | D:1      | Reached XP level 3. HP: 24/26 MP: 3/3
  1082 | D:2      | Found a glowing golden altar of the Shining One.
  1149 | D:2      | HP: 1/26 [poisoned by an adder]
  1149 | D:2      | Slain by an adder

Levels and vault maps discovered:
D:1:      dpeg_arrival_round_b, layout_rooms, serial_bayou_pond_e,
          chequers_decorated_corner
D:2:      layout_loops_cross, old_standard_altar, lemuel_coloured_pillars_altar,
          serial_co_window_serial, co_window_paths_a, co_window_cross_1,
          co_window_corner_a, co_window_corner_a, co_window_corner_a,
          co_window_paths_c, co_window_paths_c, co_window_corner_b,
          co_window_cross_3, co_window_cross_3, co_window_corner_b,
          co_window_corner_ca, co_window_paths_d, glass_columns_c,
          glass_columns_a, nicolae_qazlal_style_of_elements

Skill      XL: |  1  2  3 |
---------------+----------+-----
Long Blades    | 3 |  3.1
Fighting       | |  3.3
Dodging        | |  3.0
Shields        | |  3.3

Action                   || total
-------------------------++-------
Melee: Long sword        ||    49
       Constrict         ||    18
       Tentacles         ||    11
 Stab: Sleeping          ||     4
  Eat: Chunk             ||     9
Armor: Skin              ||     5
Dodge: Dodged            ||    23
Block: Kite shield       ||    27
       Rpst.: Long sword ||     8

Table legend:
 A = Non-vault XP
 B = Vault XP
 C = Vault XP percentage of total XP
 D = Non-vault monster count
 E = Vault monster count
 F = Vault count percentage of total count
                 A         B        C        D         E       F
            +---------+---------+-------+---------+---------+-------
      Total |      60 |       0 |   0.0 |      28 |       0 |   0.0
            +---------+---------+-------+---------+---------+-------
        D:1 |      37 |       0 |   0.0 |      20 |       0 |   0.0
        D:2 |      23 |       0 |   0.0 |       8 |       0 |   0.0
            +---------+---------+-------+---------+---------+-------
